Cogmind - Beta 14 @@@ ROGUE MODE // 2024.09.10 @ 17:15:17 Player: Dull Result: Destroyed by 8R-AWN with 8R-AWN's Boregun Performance ------------- Evolutions (0) 0 Regions Visited (3) 600 Robots Destroyed (13) 65 Value Destroyed (370) 370 Prototype IDs (3) 60 Alien Tech Used (0) 0 Bonus (300) 300 TOTAL SCORE: 1395 Bonus ------- Aligned with FarCom 300 Cogmind --------- Core Integrity 0/250 Matter 154/300 Energy 150/250 System Corruption 5% Temperature Cool (20) Movement Walking (190) Ox1 Location -10/Exiles Parts ------- > --- POWER (1) -------- Ion Engine > --- PROPULSION (2) --- Aluminum Leg Aluminum Leg > --- UTILITY (2) ------ Small Storage Unit > --- WEAPON (2) ------- YOLO Cannon > --- INVENTORY (8) ---- Aluminum Leg Heat Sink AWS/Thermal Latent Energy Streamer Light Cannon Peak State ------------ > --- POWER ------------ Ion Engine > --- PROPULSION ------- Light Treads > --- UTILITY ---------- Small Storage Unit > --- WEAPON ----------- YOLO Cannon > --- INVENTORY -------- Aluminum Leg Aluminum Leg Aluminum Leg Heat Sink AWS/Thermal Latent Energy Streamer Light Cannon [Rating: 26] Favorites ----------- Power Light Ion Engine Engine Light Ion Engine Propulsion Aluminum Leg Treads Light Treads Leg Aluminum Leg Wheel Compact Wheel Utility Small Storage Unit Device Heat Sink Storage Small Storage Unit Weapon Assault Rifle Energy Gun Small Laser Energy Cannon YOLO Cannon Ballistic Gun Assault Rifle Ballistic Cannon Light Cannon Build | -11 -10 -10 -10 ------- Run | Yrd Mat Min Exi Slots Evolved . | . . . . Power . | . . . . Propulsion . | . . . . Utility . | . . . . Weapon . | . . . . Parts Attached 28 | 2 11 7 8 Power 5 | . 2 2 1 Engine 5 | . 2 2 1 Core . | . . . . Reactor . | . . . . Propulsion 11 | 2 6 1 2 Treads 1 | . . 1 . Leg 8 | . 6 . 2 Wheel 2 | 2 . . . Hover . | . . . . Flight . | . . . . Utility 2 | . 2 . . Device 2 | . 2 . . Storage . | . . . . Processor . | . . . . Hackware . | . . . . Protection . | . . . . Artifact . | . . . . Weapon 10 | . 1 4 5 Energy Gun 4 | . 1 1 2 Energy Cannon 3 | . . . 3 Ballistic Gun 1 | . . 1 . Ballistic Cannon 2 | . . 2 . Launcher . | . . . . Special Weapon . | . . . . Impact Weapon . | . . . . Slashing Weapon . | . . . . Piercing Weapon . | . . . . Special Melee Weapon . | . . . . Unidentified Prototypes 3 | . . . 3 Corrupted Parts 1 | . 1 . . System Corruption 5 | . 5 . . Parts Lost 11 | . 1 8 2 Power 3 | . 1 1 1 Propulsion 3 | . . 2 1 Utility 1 | . . 1 . Weapon 4 | . . 4 . Highest Loss Streak 7 | . 1 7 1 To Critical Strikes 1 | . . . 1 Average Slot Usage (%) 73 | . 98 76 49 Engine 12 | . 13 11 13 Treads 6 | . . 6 12 Leg 9 | . 16 11 2 Wheel 3 | . 11 . . Device 5 | . 13 5 . Storage 14 | . 14 14 14 Energy Gun 6 | . 14 7 . Energy Cannon 2 | . . . 5 Ballistic Gun 7 | . 14 9 . Ballistic Cannon 2 | . . 8 . Peak Build Rating 26 | 6 7 7 26 Average Rating 7 | 6 6 5 10 On Entrance 6 | 6 6 7 5 Naked Turns . | . . . . Heaviest Build 28 | 12 15 14 28 Greatest Support 26 | 26 26 20 20 Greatest Overweight (x) 9 | . 1 2 9 Average Overweight (x) . | . . . . Largest Inventory Capacity 8 | 8 8 8 8 Average Capacity 8 | 8 8 8 8 Most Carried 8 | 6 8 8 8 Average Carried 6 | 6 7 6 6 Final Capacity 8 | 8 8 8 8 Final Carried 8 | 6 8 5 6 Class Distribution -------------------- 72% | Mutant 27% | Scavenger-Mutant Dominant Class ---------------- Mutant | -10/Materials Mutant | -10/Mines Mutant | -10/Exiles Resources | -11 -10 -10 -10 ----------- Run | Yrd Mat Min Exi Matter Collected 461 | 220 97 144 . Remotely . | . . . . Salvage Created 414 | . 261 109 44 Parts 27 | . 22 5 . Haulers Intercepted . | . . . . Recyclers Shooed . | . . . . Parts Field Recycled . | . . . . Retrieved Matter . | . . . . Parts Self-Destructed . | . . . . Prevented . | . . . . Kills | -11 -10 -10 -10 ------- Run | Yrd Mat Min Exi Combat Hostiles Destroyed 19 | . 7 6 6 Guns 11 | . 7 4 . Cannons 3 | . . 2 1 AOE 5 | . . . 5 Classes Destroyed 5 | . 3 2 . Watcher 1 | . 1 . . Swarmer 4 | . 2 2 . Grunt 7 | . 5 2 . Demolisher 1 | . . 1 . Assembled 7 | . . 1 6 Best Kill Streak 4 | . 4 3 4 Combat Bots Only 4 | . 3 3 4 Max Kills in Single Turn 4 | . 2 1 4 Gunslinging . | . . . . Exploded 4 | . . . 4 Melee . | . . . . Uniques/NPCs Destroyed . | . . . . Combat | -11 -10 -10 -10 -------- Run | Yrd Mat Min Exi Hostile Shots Fired 172 | . 46 75 51 Missed 54 | . 17 17 20 Damage Taken 1514 | . 304 697 513 Core 264 | . 51 110 103 Absorbed by Shields . | . . . . Core Remaining (%) 100 | 100 . . . Volleys Fired 51 | . 18 25 8 Largest 2 | . 2 2 1 Hottest 100 | . 60 90 100 Shots Fired 90 | . 36 46 8 Gun 63 | . 36 27 . Cannon 27 | . . 19 8 Launcher . | . . . . Special . | . . . . Kinetic 45 | . 18 27 . Thermal 32 | . 5 19 8 Explosive . | . . . . Electromagnetic 13 | . 13 . . Robot Hit Streak 14 | . 7 14 2 Robot Miss Streak 6 | . 2 6 3 Penetration Max . | . . . . Secondary Targets 1 | . 1 . . Max Gunslinging Chain 1 | . 1 . . Shots Hit Robots 54 | . 24 27 3 Core Hits 28 | . 13 9 6 Critical Kills . | . . . . Critical Parts Destroyed . | . . . . Critical Strikes 2 | . . 2 . Burn 1 | . . 1 . Blast 1 | . . 1 . Melee Attacks . | . . . . Impact . | . . . . Slashing . | . . . . Piercing . | . . . . Sneak Attacks . | . . . . Combat Hostiles . | . . . . Follow-up Attacks . | . . . . Damage Inflicted 1269 | . 349 363 557 Guns 535 | . 313 222 . Cannons 249 | . . 141 108 Explosions 485 | . 36 . 449 Melee . | . . . . Ramming . | . . . . Kinetic 317 | . 114 203 . Thermal 796 | . 79 160 557 Explosive . | . . . . Electromagnetic 156 | . 156 . . Impact . | . . . . Slashing . | . . . . Piercing . | . . . . Highest Corruption 5 | . 5 5 5 Average Corruption 5 | . 5 5 5 Corruption Purged . | . . . . Corruption Blocked . | . . . . Effects 25 | . 5 10 10 Message Errors 4 | . 1 . 3 Matter Fused 5 | . 1 3 1 Heat Flow Errors 5 | . . 3 2 Energy Discharges 3 | . . 1 2 Parts Fused 1 | . 1 . . Data Loss (minor) 4 | . 1 2 1 Data Loss (major) 2 | . . 1 1 Alerts 1 | . 1 . . Overload Shots . | . . . . Overflow Damage 53 | . . 31 22 Projectiles 31 | . . 31 . Explosions 22 | . . . 22 Melee . | . . . . Knockbacks . | . . . . Impact . | . . . . Kinetic . | . . . . Secondary . | . . . . Self-Inflicted Damage . | . . . . Shots . | . . . . Rammed . | . . . . Targets Rammed 1 | . 1 . . Kicked 1 | . 1 . . Crushed . | . . . . Highest Temperature 250 | . 42 152 250 Average Temperature 52 | . 18 62 65 Received Heat Transfer 199 | . 123 76 . Siege Activations . | . . . . Robots Corrupted . | . . . . Combat Hostiles . | . . . . Parts Fried . | . . . . Impact Corruptions . | . . . . Robots Melted . | . . . . Combat Hostiles . | . . . . Parts Melted . | . . . . Heat Transferred 1126 | . 150 496 480 Parts Sabotaged . | . . . . Parts Stolen . | . . . . Parts Stripped . | . . . . Power Chain Reactions 1 | . 1 . . Alert | -11 -10 -10 -10 ------- Run | Yrd Mat Min Exi Peak Influence 192 | . 192 114 . Initial 74 | . . 74 . Average 88 | . 84 94 . Maximum Alert Level . | . . . . Low Security (%) 100 | 100 100 100 . Level 1 . | . . . . Level 2 . | . . . . Level 3 . | . . . . Level 4 . | . . . . Level 5 . | . . . . High Security . | . . . . Max Security . | . . . . Squads Dispatched 2 | . 1 1 . Investigation 2 | . 1 1 . Extermination . | . . . . Reinforcement . | . . . . Assault . | . . . . Garrison . | . . . . Intercept . | . . . . Searches Triggered . | . . . . Construction Impeded . | . . . . Haulers Reinforced . | . . . . Active Scanning Responses . | . . . . Cargo Convoy Interrupts . | . . . . Stealth | -11 -10 -10 -10 --------- Run | Yrd Mat Min Exi Distress Signals . | . . . . Communications Jammed . | . . . . Distress Signals . | . . . . Times Spotted 24 | . 12 7 5 Peak Tracking Total 9 | . 4 4 9 Tactical Retreats . | . . . . Traps | -11 -10 -10 -10 ------- Run | Yrd Mat Min Exi Traps Triggered 1 | . 1 . . Indirectly . | . . . . Trap Hack Attempts . | . . . . Triggered . | . . . . Disarmed . | . . . . Reprogrammed . | . . . . Reused . | . . . . Traps Extracted . | . . . . Installed . | . . . . Triggered . | . . . . Machines | -11 -10 -10 -10 ---------- Run | Yrd Mat Min Exi Machines Disabled 3 | . 1 . 2 Max in Single Turn 1 | . 1 . 1 Machines Repaired . | . . . . Machines Dismantled . | . . . . Machines Sabotaged . | . . . . Overloaded Fab Kills . | . . . . Hacking | -11 -10 -10 -10 --------- Run | Yrd Mat Min Exi Machines Accessed 4 | . 1 1 2 Terminals 2 | . 1 1 . Fabricators . | . . . . Repair Stations . | . . . . Recycling Units . | . . . . Scanalyzers . | . . . . Garrison Access . | . . . . Total Hacks 26 | . 4 5 17 Successful 17 | . . . 17 Failed 9 | . 4 5 . Catastrophic 3 | . 1 2 . Database Lockouts . | . . . . Manual 1 | . . . 1 Terminals 9 | . 4 5 . Fabricators . | . . . . Repair Stations . | . . . . Recycling Units . | . . . . Scanalyzers . | . . . . Garrison Access . | . . . . Terminal Hacks 17 | . . . 17 Record 17 | . . . 17 Fabricator Hacks . | . . . . Repair Station Hacks . | . . . . Recycling Unit Hacks . | . . . . Scanalyzer . | . . . . Garrison Access Hacks . | . . . . Unauthorized Hacks . | . . . . Terminals . | . . . . Fabricators . | . . . . Repair Stations . | . . . . Recycling Units . | . . . . Scanalyzers . | . . . . Garrison Access . | . . . . Data Cores Recovered . | . . . . Used . | . . . . Hacking Detections 2 | . 1 1 . Full Trace Events 2 | . 1 1 . Feedback Events . | . . . . Feedback Blocked . | . . . . Robot Schematics Acquired . | . . . . Robots Built . | . . . . Authchips . | . . . . Time . | . . . . Total Robot Build Rating . | . . . . Part Schematics Acquired . | . . . . Parts Built . | . . . . Authchips . | . . . . Time . | . . . . Total Part Build Rating . | . . . . Parts Repaired . | . . . . Time . | . . . . Parts Recycled . | . . . . Recycled Matter . | . . . . Retrieved Matter . | . . . . Retrieved Components . | . . . . Parts Scanalyzed . | . . . . Part Schematics Acquired . | . . . . Parts Damaged . | . . . . Bothacking | -11 -10 -10 -10 ------------ Run | Yrd Mat Min Exi Used RIF Installer . | . . . . Robots Hacked . | . . . . Non-combat . | . . . . Combat . | . . . . Robot Hacks Applied . | . . . . Relay Couplers Released . | . . . . Fabnet Peak Effective % . | . . . . Robots Rewired . | . . . . Allies Hacked . | . . . . Hacks Repelled . | . . . . Allies | -11 -10 -10 -10 -------- Run | Yrd Mat Min Exi Total Allies . | . . . . Largest Group . | . . . . Highest-Rated Group . | . . . . Highest-Rated Ally . | . . . . Total Orders . | . . . . Ally Attacks . | . . . . Total Damage . | . . . . Kills . | . . . . Allies Corrupted . | . . . . Allies Melted . | . . . . Intel | -11 -10 -10 -10 ------- Run | Yrd Mat Min Exi Robot Analysis Total . | . . . . Derelict Logs Recovered . | . . . . Drone Launches . | . . . . Drone Recoveries . | . . . . Exploration | -11 -10 -10 -10 ------------- Run | Yrd Mat Min Exi Turns Passed 1070 | 9 330 331 400 Spaces Moved 596 | 7 228 164 197 Core 3 | . . 2 1 Treads 285 | . . 94 191 Legs 184 | . 111 68 5 Wheels 124 | 7 117 . . Hover . | . . . . Flight . | . . . . Fastest Speed 90 | 90 90 120 160 Average Speed 137 | 90 104 143 170 Slowest Speed 500 | 90 190 160 500 Overloaded Moves . | . . . . Propulsion Burnouts . | . . . . Robots Hopped . | . . . . Cave-ins Triggered . | . . . . Exploration Rate (%) 31 | 2 40 42 41 Regions Visited 3 Branch Regions 2 Pre-discovered Areas . | . . . . Known Exits Taken . | . . . . Unknown Exits Taken 3 | 1 1 1 . Scrap Searched . | . . . . Spaces Dug . | . . . . Terrain Destroyed 63 | . 5 . 58 Melee . | . . . . Projectile 4 | . . . 4 AOE 59 | . 5 . 54 Terrain Rammed . | . . . . Walls Destroyed . | . . . . Machines Disabled . | . . . . Actions | -11 -10 -10 -10 --------- Run | Yrd Mat Min Exi Total 745 | 8 281 215 241 Wait 51 | . 18 14 19 Move 593 | 6 227 163 197 Hop . | . . . . Pick Up 7 | . 2 3 2 Fast Attach 10 | . 3 2 5 Attach 8 | . 1 4 3 Detach 2 | . . . 2 Swap 10 | 2 7 1 . Drop 12 | . 4 3 5 Fire 51 | . 18 25 8 Melee . | . . . . Ram . | . . . . Kick 1 | . 1 . . Crush . | . . . . Escape Stasis . | . . . . Rewire . | . . . . Trap . | . . . . Miscellaneous . | . . . . Route ------- -11/Scrapyard -10/Materials -10/Mines (discovered 2 exits: [*Mat] / *Exi) -10/Exiles History --------- Turn | Location | Event 4 | -11/Scrapyard | Discovered new exit (range 3) 10 | -11/Scrapyard | Entered Materials 298 | -10/Materials | Discovered new exit (range 12) 340 | -10/Materials | Entered Mines 343 | -10/Mines | Assembled infested the area 346 | -10/Mines | Met a Derelict bent on vengeance 483 | -10/Mines | Core integrity fell below 50% 540 | -10/Mines | Lost 7 parts (1p2n1u3w) 595 | -10/Mines | Discovered new exit (range 11) 665 | -10/Mines | Deemed a non-threat by the Exiles lab entrance 665 | -10/Mines | Discovered new exit (range 5) 671 | -10/Mines | Entered Exiles 709 | -10/Exiles | Met 8R-AWN 740 | -10/Exiles | Met EX-HEX 786 | -10/Exiles | Met EX-BIN 788 | -10/Exiles | Build established: Mutant 805 | -10/Exiles | Aligned with FarCom system 807 | -10/Exiles | Given EX-Vault access code 890 | -10/Exiles | Opened EX-Vault 895 | -10/Exiles | Found Prototype Energy Gun 895 | -10/Exiles | Identified AWS/Thermal 903 | -10/Exiles | Found Prototype Energy Cannon 903 | -10/Exiles | Identified YOLO Cannon 923 | -10/Exiles | Found Prototype Energy Cannon 923 | -10/Exiles | Identified Latent Energy Streamer 961 | -10/Exiles | Attacked by the Exiles 1023 | -10/Exiles | Core integrity fell below 20% 1071 | -10/Exiles | Destroyed by 8R-AWN with 8R-AWN's Boregun Last Messages --------------- 01017_ Destroyed Asb. Hover Unit. 01017_ as-01094 destroyed. 01018_ Penetrated by HV Slug. 01022_ HV Slug penetrates Earth. 01024_ Penetrated by HV Slug. 01027_ HV Slug penetrates EX-Vault Access. 01027_ EX-Vault Access disabled. 01027_ Penetrated by HV Slug. 01029_ System corrupted: Energy discharge (-65). 01029_ Penetrated by HV Slug. 01029_ HV Slug penetrates Wall. 01029_ Penetrated by HV Slug. 01029_ Critical hit (Destroy). 01029_ Lgt. Treads destroyed. 01029_ HV Slug penetrates Wall. 01031_ Penetrated by HV Slug. 01038_ HV Slug penetrates Wall. 01038_ Penetrated by HV Slug. 01048_ System corrupted: Heat flow error (+270). 01066_ Penetrated by HV Slug. Map ----- +----------------------------------------------------+ | | | | | | | | | | | | | | | | | | | | | | | | | | | | | | | | | | | | | | | | | | | | | ??????????????????#########??????????????????????? | | ??????????????????# # #??????????????????????? | | ??????????????????# X [ #??????????????????????? | | ??????????????????# @#??????????????????????? | | ??????????????????# #??????????????????????? | | ??????????????????## ##??????????????????????? | | ??????????????????# #???????????????????????? | | ??????????????????## g # #?????????????????????? | | ???????????????????# " #?????????????????????? | | ???????????????????# ""#######???????????????? | | ???????????????????# "" """""#???????????????? | | ???????????????????# """#???????????????? | | ???????????????????# X""#???????????????? | | ???????????????????# """#???????????????? | | ???????????######### """"#???????????????? | | ???????????#""""""## "####???????????????? | | ???????????#"""" ## % ##??????????????????? | | ???????????#""X" #???????????????????? | | ???????????#" #???????????????????? | | ???????????#" #" " #???????????????????? | | ???????????#""""""#" " "########?????????????? | | ???????????##"####"" "##"""""""#?????????????? | | ??????????? "????? %" #"""""""#?????????????? | | ??????????"""??????" #?#"""""""#?????????????? | | ??????????"""?????#" ###"" """"#?????????????? | | ??????????????????#" """"#?????????????? | | ??????????????????#" """#?????????????? | | ??????????????????#" """#?????????????? | +----------------------------------------------------+ Best States ------------- Heat Dissipation 35 Energy Generation 10 Energy Capacity 250 Matter Stores 300 Matter Capacity 300 Sight Range 16 Robot Scan Range 14 Terrain Scan Density 10 Evasion (%) 55 Recoil Reduction 1 Item Schematics ----------------- None Robot Schematics ------------------ None Fabricated ------------ Nothing Alien Tech Used ----------------- None Achievements -------------- None Challenges ------------ None Game ------ Seed ClaymoresSpacefoldMembrane Manual? 0 Play Time 00:12:58 Cumulative 43.6 hours Start 2024.09.10 @ 17:05:35 End 2024.09.10 @ 17:15:17 Sessions 1 Manual Loads 0 Difficulty Rogue Special Mode None Game No. 61 Rogue 61 Adventurer 0 Explorer 0 Win Type - Total 0 Types 0/0/0/0/0/0/0/0/0 Lore% 11 Gallery% 41 Achievement% 32 Wizard Run 0 Options --------- Layout 0 ASCII 0 Keyboard 0 Movement Mouse Keybinds 1 Fullscreen 1 Font 18/TerminusBold Map View 76x50 Zoom Use 0% Tactical HUD 1 Map Filters NONE Filters NONE Steam 1 RUN: c0be19be-1c94-4c8d-bb6e-c72e54ee03e9